 Dungeon Crawl Stone Soup version 0.18.1-1-g2f07953 (webtiles) character file.

207 imoen the Insei (level 5, -1/28 HPs)
             Began as a Vine Stalker Monk on May 6, 2016.
             Succumbed to a scorpion's poison
             ... on level 4 of the Dungeon.
             The game lasted 00:06:16 (1145 turns).

imoen the Insei (Vine Stalker Monk)                 Turns: 1145, Time: 00:06:17

Health: -1/28      AC:  8    Str: 15    XL:     5   Next: 85%
Magic:  5/6        EV:  8    Int: 10    God:
Gold:   47         SH:  0    Dex: 26    Spells: 0 memorised, 4 levels left

rFire  . . .     SeeInvis .       - Unarmed
rCold  . . .     Gourm    .     e - +0 chain mail
rNeg   . . .     Faith    .     (no shield)
rPois  .         Spirit   +     (no helmet)
rElec  .         Dismiss  .     (no cloak)
rCorr  .         Reflect  .     (no gloves)
SustAt .         Harm     .     (no boots)
MR     .....                    (no amulet)
Stlth  ..........               l - +5 ring of dexterity
                                g - +5 ring of dexterity

@: lethally poisoned (-1 -> -32), not resistant to hostile enchantments,
extremely unstealthy
A: fangs 2, regeneration 1, magic shield, antimagic bite, no device heal 3, rot
immunity
a: no special abilities


You were on level 4 of the Dungeon.
You were not hungry.

You visited 1 branch of the dungeon, and saw 5 of its levels.

You collected 47 gold pieces.

Inventory:

Hand Weapons
 r - a +0 blowgun
   (You took it off a kobold on level 4 of the Dungeon)
Missiles
 c - a throwing net
 q - 3 tomahawks (quivered)
 s - 16 poisoned needles
Armour
 a - a +0 robe
 e - a +0 chain mail (worn)
   (You found it on level 1 of the Dungeon)
Jewellery
 g - a +5 ring of dexterity (left hand)
   (You found it on level 1 of the Dungeon)
 i - an uncursed ring of protection from fire
   (You found it on level 1 of the Dungeon)
 l - a +5 ring of dexterity (right hand)
   (You found it on level 1 of the Dungeon)
 m - an uncursed ring of stealth {unknown}
   (You found it on level 4 of the Dungeon)
Scrolls
 f - 3 scrolls of enchant weapon {unknown}
 n - 2 scrolls of remove curse {unknown}
 o - a scroll of enchant armour {unknown}
 p - a scroll of teleportation {unknown}
Potions
 d - a potion of degeneration {unknown}
 h - a potion of heal wounds {unknown}
 k - a potion of magic {unknown}
 u - 2 potions of lignification {unknown}
Comestibles
 b - a bread ration
 j - 2 meat rations
 t - 10 fruits


   Skills:
 - Level 3.2 Fighting
 - Level 3.0 Dodging
 - Level 3.4 Stealth
 + Level 5.8 Unarmed Combat


You had 4 spell levels left.
You didn't know any spells.

Dungeon Overview and Level Annotations

Branches:
Dungeon (5/15)
 Temple: D:4-7

Altars:
Trog


Innate Abilities, Weirdness & Mutations

You have extremely sharp teeth.
Your natural rate of healing is unusually fast.
When hurt, damage is shared between your health and your magic reserves.
Your bite disrupts and absorbs the magic of your enemies.
Potions and wands cannot restore your health.
You are immune to rotting.


Message History

You hit the orc wizard.
You kill the orc wizard!
Your Unarmed Combat skill increases to level 5!
You have reached level 5!
The orc hits you with a mace.
* * * LOW HITPOINT WARNING * * *
You hit the orc but do no damage. Your bite misses the orc.
You hit the orc but do no damage. You bite the orc, but do no damage.
The orc barely misses you.
You hit the orc. Your bite misses the orc. The orc closely misses you.
You hit the orc but do no damage. You bite the orc. You drain its power.
You feel invigorated. The orc hits you but does no damage.
MP restored: 6 You punch the orc!
You kill the orc!
You hit the orc priest but do no damage.
You bite the orc priest. You drain its power.
The orc priest hits you but does no damage.
You hit the orc priest but do no damage.
Your bite misses the orc priest.
The orc priest hits you but does no damage.
You closely miss the orc priest.
You bite the orc priest, but do no damage.
The orc priest closely misses you.
You hit the orc priest.
The orc priest hits you but does no damage.
You hit the orc priest. You bite the orc priest. You drain its power.
You kill the orc priest!
You hit the orc. You bite the orc. You drain its power.
You kill the orc!
Items here: )))) [[[ ††† You butcher the orc corpse.
v - a chunk of flesh
Items here: )))) [[[ †† Eating a chunk of flesh.
You continue eating. x2
A scorpion comes into view.
You hit the scorpion. You bite the scorpion. You drain its power.
The scorpion stings you.
You are poisoned.
The scorpion poisons you!
You take 1 damage, and have 26/28 hp.
You now have 5/6 mp.
You hit the scorpion but do no damage. You bite the scorpion.
You drain its power.
You feel invigorated.
You feel sick. The scorpion closely misses you.
You take 1 damage, and have 25/28 hp.
MP restored: 6 You closely miss the scorpion.
Your bite misses the scorpion.
You feel sick. The scorpion stings you.
* * * LOW HITPOINT WARNING * * *
You are more poisoned.
The scorpion poisons you!
You take 6 damage, and have 19/28 hp.
MASSIVE DAMAGE!!
You now have 5/6 mp.
You hit the scorpion.
You bite the scorpion, but do no damage.
You feel sick. The scorpion stings you.
* * * LOW HITPOINT WARNING * * *
You take 4 damage, and have 15/28 hp.
You now have 4/6 mp.
You closely miss the scorpion. You bite the scorpion. You drain its power.
You feel invigorated.
You feel sick. The scorpion stings you.
* * * LOW HITPOINT WARNING * * *
You are lethally poisoned!
The scorpion poisons you!
You take 1 damage, and have 14/28 hp.
MP restored: 6 You closely miss the scorpion.
Your bite misses the scorpion.
* * * LOW HITPOINT WARNING * * *
You feel sick.
The scorpion stings you but does no damage.
You take 2 damage, and have 12/28 hp.
You hit the scorpion but do no damage. Your bite misses the scorpion.
* * * LOW HITPOINT WARNING * * *
You feel very sick. The scorpion misses you.
You take 3 damage, and have 9/28 hp.
You barely miss the scorpion.
You bite the scorpion, but do no damage.
* * * LOW HITPOINT WARNING * * *
You feel sick. The scorpion stings you.
You are more poisoned.
The scorpion poisons you!
You take 2 damage, and have 7/28 hp.
You now have 5/6 mp.
You hit the scorpion but do no damage.
* * * LOW HITPOINT WARNING * * *
You feel sick. The scorpion stings you.
* * * LOW HITPOINT WARNING * * *
You are more poisoned.
The scorpion poisons you!
You take 2 damage, and have 5/28 hp.
You now have 4/6 mp.
You hit the scorpion but do no damage.
You bite the scorpion, but do no damage.
* * * LOW HITPOINT WARNING * * *
You feel very sick.
You take 3 damage, and have 2/28 hp.
You hit the scorpion. You bite the scorpion. You drain its power.
You feel invigorated.
You kill the scorpion!
You die...

..##.......#..# ##
...#..........# #.#
..............####..#
.......###.........##
#....## #..........#
.....# #).....##..#
>.....####......##..###.
#####..##...............
# #....#)......@.....=.
###............†........
.....####.###...........
...### #.. ##..........
..## #.# #.......... .##
#.# ##........# ..###
##.# #......##.
....###..# ##....##
.##......##


There were no monsters in sight!

Vanquished Creatures
  A scorpion (D:4)
  A centaur skeleton (D:4)
  An orc priest (D:4)
  2 orc wizards (D:4)
  2 worms (D:2)
  2 dart slugs
  5 orcs (D:4)
  A bat (D:2)
  4 hobgoblins (D:4)
  2 jackals (D:1)
  5 kobolds
  A giant newt (D:1)
  4 goblins
  2 rats (D:1)
33 creatures vanquished.

Notes
Turn   | Place    | Note
--------------------------------------------------------------
     0 | D:1      | imoen the Vine Stalker Monk began the quest for the Orb.
     0 | D:1      | Reached XP level 1. HP: 11/11 MP: 2/2
    38 | D:1      | Reached XP level 2. HP: 15/16 MP: 1/3
   225 | D:2      | HP: 2/16 [worm (6)]
   253 | D:2      | HP: 4/16 [worm (6)]
   287 | D:2      | Reached skill level 3 in Fighting
   319 | D:2      | Reached XP level 3. HP: 15/20 MP: 2/4
   442 | D:4      | Found a bloodstained altar of Trog.
   735 | D:4      | Reached skill level 3 in Stealth
   759 | D:4      | Reached skill level 3 in Dodging
   759 | D:4      | Reached XP level 4. HP: 17/24 MP: 5/5
   793 | D:4      | Noticed a phantom
   804 | D:4      | Found Dyilasch's Magic Scroll Emporium.
   978 | D:5      | Entered Level 5 of the Dungeon
  1099 | D:4      | Reached skill level 5 in Unarmed Combat
  1099 | D:4      | Reached XP level 5. HP: 21/28 MP: 4/6
  1142 | D:4      | HP: 7/28 [poisoned by a scorpion]
  1144 | D:4      | HP: 2/28 [poisoned by a scorpion]
  1145 | D:4      | Succumbed to a scorpion's poison

Skill      XL: |  1  2  3  4 |
---------------+-------------+-----
Fighting       | 3 |  3.2
Stealth        | 3 |  3.4
Dodging        | 3 |  3.0
Unarmed Combat | 5 |  5.8

Action                   |  1- 3 |  4- 6 || total
-------------------------+-------+-------++-------
Melee: Unarmed           |    78 |    44 ||   122
       Bite              |    27 |    22 ||    49
       Punch             |     2 |     1 ||     3
 Stab: Sleeping          |     3 |       ||     3
  Eat: Chunk             |       |     1 ||     1
Armor: Robe              |     1 |       ||     1
       Chain mail        |    36 |    18 ||    54
Dodge: Dodged            |    14 |     8 ||    22

Vault maps used:
D:1:      saegor_arrival_miasma, minivault_27
D:2:      uniq_iyjb, uniq_sigmund, uniq_natasha
D:3:      nicolae_overflow_crystal_walls, kennysheep_potato, uniq_grinder,
          uniq_crazy_yiuf_cottage
D:4:      corexii_shack_village, serial_shops, shop, trog_book
D:5:      first_bread, bh_chokoban, hangedman_abyss_or_decor_passed

Table legend:
 A = Turns spent in this place as a percentage of turns spent in the entire game.
 B = Non-inter-level travel turns spent in this place as a percentage of non-inter-level travel turns spent in the entire game.
 C = Inter-level travel turns spent in this place as a percentage of turns spent in this place.
 D = Turns resting spent in this place as a percentage of non-inter-level travel turns spent in this place.
 E = Turns spent auto-exploring this place as a percentage of non-inter-level travel turns spent in this place.
 F = Non-inter-level travel turns spent in this place divided by the number of levels of this place that you've seen.
                   A       B       C       D       E      F
               +-------+-------+-------+-------+-------+----------------------
         Total | 100.0 | 100.0 |   1.8 |   0.0 |   0.6 | 132.4
       Dungeon | 100.0 | 100.0 |   1.8 |   0.0 |   0.6 | 132.4
               +-------+-------+-------+-------+-------+----------------------

Table legend:
 A = Kills in this place as a percentage of kills in entire the game.
 B = Kills by you in this place as a percentage of kills by you in the entire game.
 C = Kills by friends in this place as a percentage of kills by friends in the entire game.
 D = Other kills in this place as a percentage of other kills in the entire game.
 E = Experience gained in this place as a percentage of experience gained in the entire game.
 F = Experience gained in this place divided by the number of levels of this place that you have seen.
                   A       B       C       D       E      F
               +-------+-------+-------+-------+-------+----------------------
         Total | 100.0 | 100.0 |  -nan |  -nan | 100.0 |  59.4
       Dungeon | 100.0 | 100.0 |  -nan |  -nan | 100.0 |  59.4
               +-------+-------+-------+-------+-------+----------------------
